Map: World of Sleepers LE

Players

VeryHighacc - Winner!

  • Race: Protoss Protoss
  • League: Diamond
  • Spawn Location: 1:00

ICBreaker

  • Race: Zerg Zerg
  • League: Diamond
  • Spawn Location: 7:00

VOD

Have the link to the VOD?

Description

Time

  • Played on: Nov. 24, 2019, 5:16 p.m.
  • Length: 21:06
Show
View Real Time Build Order
Export as new Build Order

VeryHighacc Protoss - Winner!

Build Orders: 1 Gate Expand, Phoenix Opening, Archon Immortal 

Get SALT Encoding   

  12  0:01  Probe  
  13  0:13  Probe  
  14  0:21  Pylon  
  14  0:25  Probe  
  15  0:39  Probe  
  16  0:48  Gateway  
  16  0:51  Probe (Chrono Boost)  
  16  0:52  Assimilator  
  17  1:02  Probe (Chrono Boost)  
  18  1:18  Nexus  
  18  1:20  Probe  
  19  1:36  Zealot (Chrono Boost)  
  19  1:37  Cybernetics Core  
  21  1:47  Forge  
  22  1:58  Pylon  
  21  2:02  Zealot (Chrono Boost)  
  23  2:17  Probe  
  23  2:19  Assimilator  
  24  2:23  Pylon  
  24  2:26  Stalker  
  27  2:30  Probe (Chrono Boost)  
  26  2:38  Probe (Chrono Boost)  
  28  2:46  Probe (Chrono Boost)  
  28  2:47  Probe (Chrono Boost)  
  27  2:53  Probe  
  28  2:58  Photon Cannon  
  28  3:00  Stargate  
  28  3:03  Probe  
  29  3:15  Shield Battery  
  31  3:20  Probe (Chrono Boost)  
  31  3:25  Probe (Chrono Boost)  
  31  3:29  Probe (Chrono Boost), Pylon  
  31  3:30  Warp Gate  
  32  3:41  Probe (Chrono Boost)  
  34  3:45  Probe (Chrono Boost)  
  34  3:49  Phoenix  
  34  3:54  Probe (Chrono Boost)  
  34  3:55  Assimilator, Probe (Chrono Boost), Protoss Ground Weapons Level 1 (Chrono Boost)  
  38  4:09  Probe  
  39  4:10  Probe  
  39  4:12  Pylon  
  39  4:15  Assimilator  
  40  4:20  Phoenix  
  40  4:21  Probe  
  40  4:22  Probe  
  44  4:31  Robotics Facility  
  44  4:38  Twilight Council  
  44  4:43  Pylon  
  44  4:46  Phoenix  
  46  4:55  Probe  
  47  5:03  Gateway  
  47  5:04  Gateway  
  47  5:07  Gateway  
  47  5:10  Gateway  
  47  5:20  Immortal (Chrono Boost)  
  51  5:29  Templar Archives  
  51  5:34  Charge  
  52  5:35  Probe (Chrono Boost)  
  53  5:57  Probe  
  53  5:59  Zealot  
  53  6:00  Zealot x2  
  53  6:02  Zealot  
  61  6:05  Probe, Zealot  
  61  6:10  Pylon  
  61  6:11  Immortal (Chrono Boost)  
  68  6:19  Pylon  
  68  6:20  Protoss Shields Level 1 (Chrono Boost)  
  68  6:32  High Templar  
  68  6:33  High Templar x2  
  68  6:35  Zealot  
  76  6:41  Pylon  
  76  6:46  Warp Prism (Chrono Boost)  
  76  6:51  Pylon  
  76  6:52  Probe  
  79  6:55  High Templar  
  79  6:56  Archon  
  79  7:01  Archon  
  81  7:07  Zealot x3  
  87  7:10  Zealot  
  89  7:15  Photon Cannon  
  89  7:19  Shield Battery  
  89  7:33  High Templar x2  
  89  7:35  Zealot x2, High Templar  
  99  7:40  Archon  
  99  7:44  Immortal  
  83  7:57  Psionic Storm  
  79  7:59  Zealot x2  
  83  8:08  Probe x2  
  83  8:11  Nexus  
  85  8:24  High Templar  
  85  8:25  High Templar  
  85  8:26  Zealot  
  91  8:30  Probe (Chrono Boost)  
  92  8:34  Probe (Chrono Boost)  
  94  8:41  High Templar  
  94  8:45  Probe (Chrono Boost)  
  94  8:46  Probe (Chrono Boost)  
  97  8:50  Probe (Chrono Boost)  
  97  8:53  Probe  
  99  9:00  Probe, High Templar  
  102  9:05  Photon Cannon x2  
  102  9:06  Shield Battery  
  102  9:07  Pylon  
  102  9:09  Pylon  
  102  9:22  Probe, Immortal  
  107  9:25  Zealot x2  
  107  9:28  Zealot  
  108  9:40  Probe x2 (Chrono Boost)  
  108  9:42  Photon Cannon  
  108  9:43  Photon Cannon  
  109  9:46  Probe (Chrono Boost), Shield Battery  
  110  9:53  Robotics Bay  
  110  9:59  Robotics Facility  
  110  10:01  Zealot  
  110  10:02  Observer  
  113  10:12  Protoss Ground Weapons Level 2 (Chrono Boost)  
  113  10:13  Assimilator  
  113  10:14  Assimilator  
  113  10:19  Pylon  
  113  10:20  Stalker x2  
  117  10:23  Observer (Chrono Boost)  
  117  10:25  Probe (Chrono Boost)  
  121  10:30  Probe x2 (Chrono Boost)  
  121  10:34  Pylon  
  121  10:38  Probe (Chrono Boost)  
  122  10:42  Extended Thermal Lance (Chrono Boost)  
  122  10:49  Colossus (Chrono Boost)  
  128  10:51  Colossus (Chrono Boost)  
  128  10:56  Nexus  
  134  11:06  Probe x2  
  134  11:09  Photon Cannon  
  134  11:11  Photon Cannon  
  136  11:14  High Templar  
  136  11:15  High Templar  
  136  11:16  Zealot x2  
  144  11:19  Archon  
  144  11:28  Photon Cannon  
  144  11:30  Photon Cannon  
  144  11:32  Photon Cannon  
  144  11:36  Shield Battery  
  144  11:37  Pylon  
  144  11:40  Dark Shrine  
  144  11:47  Zealot x2  
  146  11:50  Stargate  
  148  11:58  Fleet Beacon  
  148  11:59  Probe x2  
  150  12:09  Gateway  
  150  12:10  Gateway  
  150  12:11  High Templar x2  
  150  12:13  Observer  
  154  12:15  Gateway  
  154  12:18  Unknown  
  154  12:22  Probe (Chrono Boost)  
  156  12:24  Probe (Chrono Boost)  
  157  12:30  Observer, Immortal  
  161  12:38  Protoss Shields Level 2 (Chrono Boost)  
  161  12:43  Tempest  
  166  12:48  Zealot x2, High Templar  
  172  12:55  Pylon  
  172  13:10  Pylon  
  172  13:11  Pylon  
  172  13:13  Probe, Pylon  
  172  13:14  Stalker x3  
  172  13:15  Pylon  
  177  13:28  Tempest x2 (Chrono Boost)  
  177  13:33  Stalker x2  
  185  13:44  Probe  
  185  13:45  Probe  
  187  13:51  Colossus (Chrono Boost)  
  193  13:59  High Templar  
  193  14:00  High Templar  
  197  14:07  Archon  
  197  14:08  Protoss Air Weapons Level 1  
  197  14:22  Stargate  
  197  14:23  Stargate  
  187  14:49  Nexus  
  163  14:56  Stalker x4  
  163  14:57  Stalker  
  159  15:00  Stalker  
  159  15:01  Probe x2  
  159  15:02  Probe  
  149  15:11  Stalker  
  149  15:12  Stalker  
  79  15:28  High Templar x3  
  79  15:29  Tempest x4 (Chrono Boost)  
  79  15:30  Colossus x2  
  79  15:35  Probe x4  
  114  15:41  Pylon  
  113  15:43  Pylon  
  113  15:45  High Templar  
  113  15:47  Probe x3, Zealot x3  
  113  15:48  Probe  
  125  15:50  Archon  
  125  15:53  Archon  
  125  15:56  Zealot  
  127  16:01  Tempest (Chrono Boost)  
  127  16:03  Photon Cannon  
  126  16:06  Photon Cannon  
  126  16:07  Dark Templar  
  126  16:08  Dark Templar x2  
  126  16:09  Zealot  
  126  16:11  Zealot x2  
  118  16:21  Stalker x2  
  118  16:24  Archon  
  112  16:34  Stalker x2  
  104  16:42  Void Ray (Chrono Boost)  
  112  16:47  Void Ray (Chrono Boost)  
  112  16:52  Assimilator  
  112  16:54  Assimilator  
  112  16:57  Photon Cannon  
  112  16:58  Probe x2  
  112  17:00  Pylon  
  114  17:01  Photon Cannon  
  114  17:02  Stalker x4  
  114  17:03  Zealot  
  114  17:04  High Templar  
  114  17:07  Immortal  
  130  17:13  Observer  
  131  17:19  Zealot  
  131  17:20  Zealot  
  139  17:28  Void Ray (Chrono Boost)  
  143  17:30  Nexus  
  143  17:31  Pylon, Void Ray (Chrono Boost)  
  143  17:32  Stalker  
  143  17:33  Stalker  
  143  17:36  Void Ray (Chrono Boost)  
  151  17:45  Zealot x2  
  151  17:46  High Templar  
  157  17:54  Stalker x3  
  163  18:04  Warp Prism  
  165  18:09  Photon Cannon x2  
  165  18:10  Stalker  
  165  18:11  Stalker x3  
  173  18:18  High Templar x2  
  177  18:23  Dark Templar  
  178  18:27  Dark Templar  
  180  18:36  Stalker  
  180  18:37  Stalker x2  
  178  18:51  Zealot x3  
  178  18:53  Observer  
  178  18:54  Observer  
  178  18:55  Void Ray (Chrono Boost)  
  186  18:59  Probe  
  186  19:02  Stalker x2  
  194  19:03  Zealot x2, Void Ray (Chrono Boost)  
  198  19:14  Shield Battery  
  198  19:16  Forge  
  196  19:19  High Templar  
  196  19:24  Assimilator  
  198  19:40  Assimilator  
  191  19:57  Stalker x4  
  193  20:03  Probe  
  175  20:20  Stalker x4  
  175  20:21  Zealot  
  165  20:44  High Templar x4  
  165  20:45  Zealot x3  
  165  20:48  Archon  
  165  20:49  Archon  
  179  20:59  Archon  
Show
View Real Time Build Order
Export as new Build Order

ICBreaker Zerg 

Build Orders: Hatch First, Brood Lord Corruptor, Lurkers 

Get SALT Encoding   

  12  0:05  Drone  
  13  0:15  Overlord  
  13  0:16  Drone  
  14  0:36  Drone x2  
  14  0:40  Drone  
  17  0:53  Hatchery  
  17  0:55  Drone  
  17  0:59  Drone  
  18  1:11  Extractor  
  17  1:15  Spawning Pool  
  17  1:17  Drone  
  17  1:22  Drone  
  18  1:31  Drone  
  19  1:43  Overlord  
  19  2:01  Queen  
  19  2:02  Zergling x2  
  19  2:04  Queen  
  24  2:09  Zergling x4  
  24  2:15  Metabolic Boost  
  26  2:21  Drone x2  
  28  2:38  Drone x4  
  32  2:57  Drone  
  32  2:58  Drone x2  
  35  3:11  Hatchery, Queen  
  36  3:16  Baneling Nest  
  35  3:25  Drone  
  35  3:26  Overlord x2  
  36  3:47  Drone  
  36  3:48  Drone x9  
  46  3:55  Drone x3  
  49  4:05  Extractor, Drone x2  
  49  4:06  Extractor  
  49  4:12  Lair  
  49  4:17  Drone x2  
  51  4:18  Evolution Chamber  
  51  4:19  Evolution Chamber  
  51  4:20  Overlord  
  49  4:25  Drone x2  
  49  4:26  Extractor, Drone  
  49  4:27  Drone  
  49  4:29  Drone  
  53  4:37  Spore Crawler x2  
  51  4:40  Drone x3  
  54  4:46  Spore Crawler  
  54  4:50  Zerg Ground Armor Level 1  
  53  4:57  Zerg Melee Weapons Level 1, Spore Crawler  
  52  5:13  Spore Crawler  
  51  5:16  Hydralisk Den  
  51  5:19  Drone x8  
  58  5:24  Overlord x3  
  58  5:39  Unknown  
  57  5:48  Spore Crawler  
  56  5:55  Queen  
  56  5:56  Queen x2  
  62  5:59  Hydralisk, Grooved Spines  
  62  6:00  Hydralisk x2  
  68  6:19  Hatchery  
  67  6:30  Drone  
  67  6:31  Drone x6  
  74  6:39  Overlord  
  73  6:40  Overlord x5  
  73  6:42  Centrifical Hooks  
  73  6:52  Lurker Den  
  72  6:58  Zergling x2, Infestation Pit  
  72  6:59  Zergling x10  
  77  7:10  Muscular Augments  
  77  7:13  Baneling x3  
  77  7:14  Zerg Melee Weapons Level 2  
  77  7:16  Zerg Missile Weapons Level 1  
  77  7:20  Baneling x12  
  77  7:34  Zergling x2  
  77  7:35  Zergling x24  
  72  7:55  Hydralisk  
  72  7:56  Hydralisk x6  
  72  7:58  Baneling x4  
  80  8:09  Queen  
  80  8:11  Zergling x2  
  80  8:12  Zergling x6  
  86  8:17  Baneling x5  
  86  8:33  Zergling x2  
  86  8:34  Zergling x16  
  94  8:46  Overseer  
  94  8:53  Lurker x5  
  94  8:54  Lurker x2  
  101  8:55  Hydralisk  
  103  9:19  Zerg Missile Weapons Level 2  
  103  9:25  Drone x8  
  103  9:30  Spore Crawler  
  106  9:39  Hydralisk  
  106  9:40  Hydralisk x2  
  106  9:41  Extractor  
  111  9:49  Hive  
  111  9:57  Spire  
  111  9:58  Drone  
  111  9:59  Extractor  
  110  10:14  Baneling x2  
  110  10:15  Baneling x6  
  110  10:16  Drone x5  
  110  10:17  Drone x2  
  117  10:33  Hatchery  
  116  10:56  Overlord x7  
  116  11:00  Overseer x2  
  116  11:15  Corruptor x3  
  122  11:38  Greater Spire  
  122  11:50  Corruptor x6  
  134  12:00  Drone x10  
  144  12:23  Spore Crawler  
  143  12:43  Unknown, Queen  
  144  12:49  Brood Lord x7  
  144  12:50  Brood Lord x2  
  162  12:52  Zerg Flyer Weapons Level 1  
  162  13:04  Zerg Missile Weapons Level 3  
  148  13:37  Corruptor x4  
  148  13:38  Corruptor x2  
  160  13:49  Hatchery  
  159  14:01  Pathogen Glands  
  159  14:05  Infestor  
  159  14:06  Infestor  
  133  15:10  Corruptor x8  
  133  15:11  Corruptor  
  133  15:20  Zergling x46  
  133  15:21  Zergling x8  
  148  15:43  Brood Lord x2  
  128  16:18  Zerg Flyer Weapons Level 2  
  95  16:59  Corruptor x6  
  107  17:02  Zergling x34  
  124  17:09  Spore Crawler  
  123  17:16  Unknown  
  122  17:27  Hatchery  
  121  17:53  Brood Lord x3  
  123  18:11  Brood Lord  
  123  18:12  Brood Lord  
  127  18:15  Zergling x2  
  127  18:16  Zergling x34  
  129  18:31  Brood Lord  
  116  18:47  Spore Crawler  
  112  18:51  Spore Crawler x2  
  95  19:11  Brood Lord  
  95  19:12  Corruptor  
  97  19:44  Hatchery  
  96  19:47  Hatchery  
  64  20:07  Zergling x6  
  64  20:08  Zergling x26  
  35  20:36  Zergling x6  
Tags
 
Add a new tag
Caveats
  • Supply blocks, unpowered buildings, or Contaminate may cause inaccurate times.
  • Supply counts are checked every 10 seconds.